 Dungeon Crawl Stone Soup version 0.29.1-12-g30fa7ad0bf (webtiles) character file.

Game seed: 11575050213177220693

979 hawla the Firebug (level 8, -1/60 HPs)
             Began as a Meteoran Fire Elementalist on Jan 13, 2023.
             Slain by a lemure (2 damage)
             ... led by Pikel
             ... on level 7 of the Dungeon.
             The game lasted 00:06:56 (1176 turns).

hawla the Firebug (Meteoran Fire Elementalist)      Turns: 1176, Time: 00:06:57

Health: -1/60      AC:  4    Str:  9    XL:     8   Next: 67%
Magic:  2/17       EV: 13    Int: 19    God:
Gold:   107        SH:  0    Dex: 15    Spells: 11/18 levels left

rFire   . . .      SeeInvis .   b - +5 dire flail
rCold   . . .      Faith    .   (shield currently unavailable)
rNeg    . . .      Spirit   .   a - +0 robe
rPois   .          Reflect  .   j - +2 hat
rElec   .          Harm     .   (no cloak)
rCorr   .          Rampage  .   (no gloves)
Will    +....                   (no boots)
Stlth   +.........              (no amulet)
HPRegen 0.20/turn               (no ring)
MPRegen 0.15/turn               (no ring)

@: mighty, lethally poisoned (-1 -> -11), glowing
A: sense surroundings 1, otherworldly, glowing, explore regen, subdued magic 1
a: no special abilities


You were on level 7 of the Dungeon.
You visited 1 branch of the dungeon, and saw 6 of its levels.

You collected 107 gold pieces.

Inventory:

Hand Weapons
 b - a +5 dire flail (weapon)
Armour
 a - a +0 robe (worn)
 j - a +2 hat (worn)
Wands
 g - a wand of iceblast (7) (quivered)
Potions
 d - a potion of resistance {unknown}
 e - a potion of mutation
 i - a potion of curing {unknown}


   Skills:
 + Level 1.7 Fighting
 * Level 1.8 Maces & Flails
 + Level 3.7 Dodging
 - Level 1.4 Stealth
 - Level 5.7 Spellcasting
 - Level 5.8 Conjurations
 - Level 6.7 Fire Magic
 - Level 3.0 Evocations


You had 11 spell levels left.
You knew the following spells:

 Your Spells              Type           Power      Damage    Failure   Level
a - Foxfire               Conj/Fire      88%        2x1d8     1%          1
b - Scorch                Fire           46%        2d7       1%          2
c - Flame Wave            Conj/Fire      22%        2d8       7%          4

Your spell library contained the following spells:

 Spells                   Type           Power      Damage    Failure   Level
 Conjure Flame            Conj/Fire      22%        6-21      1%          3
 Inner Flame              Hex/Fire       14%        N/A       7%          3


Dungeon Overview and Level Annotations

Branches:
Dungeon (5/15) Zot: 2424
 Temple: D:4-7

Altars:
Ashenzari
Cheibriados
Dithmenos
Gozag
Makhleb
Okawaru
Qazlal

Annotations:
D:7 Pikel


Innate Abilities, Weirdness & Mutations

You passively map a small area around you.
You are easily found by Zot.
You glow in the dark.
You regain HP and MP as you explore.
Your spells are a little easier to cast, but a little less powerful.


Message History

The lemure is moderately wounded.
The flame wave engulfs Pikel.
Pikel is heavily wounded.
A killer bee comes into view.
The killer bee misses you. The killer bee closely misses you.
A wave of flame ripples out!
The flame wave engulfs the killer bee!
You kill the killer bee!
The flame wave engulfs the lemure.
The lemure is almost dead.
The flame wave engulfs Pikel!
Pikel is severely wounded.
The flame wave engulfs the lemure!
The lemure is almost dead.
The flame wave engulfs the lemure!
The lemure is moderately wounded.
You finish channelling waves of flame.
The lemure hits you but does no damage.
Pikel hits you with a +1 whip of flaming.
Pikel burns you.
You barely miss Pikel.
Pikel is severely wounded.
A killer bee comes into view.
The lemure closely misses you.
Pikel hits you with a +1 whip of flaming.
Pikel burns you.
It was a potion of mutation.
You feel extremely strange.
Your connection to magic feels subdued.
The killer bee misses you. The killer bee barely misses you.
The lemure hits you!
* * * LOW HITPOINT WARNING * * *
Pikel hits you with a +1 whip of flaming!
* * * LOW HITPOINT WARNING * * *
Pikel burns you.
* * * LOW HITPOINT WARNING * * *
It was a potion of might.
You feel very mighty all of a sudden. The killer bee closely misses you.
The killer bee stings you.
* * * LOW HITPOINT WARNING * * *
You are lethally poisoned!
The killer bee poisons you! The lemure hits you.
You die...

, , , *, * ....... ,
, , ....... *
**....... ^ .......
,, , , * * ....... *
..######5...... ,,
,.......5K5..... ,
....y.y@# * ,, , *
#.#####.# , , .. #.#
* * #.###.#########
,, ,, #...#.........#
,,
#######.#....######.#
.......#.......#
#.....#.##.##.# ,
#.....#. #.# #


You could see Pikel, 3 lemures and 2 killer bees.

Vanquished Creatures
  Menkaure (D:4)
  Pargi (D:4)
  A sky beast (D:7)
  A lemure (D:7)
  A bullfrog (D:7)
  5 wights (D:7)
  A killer bee (D:7)
  A hound (D:5)
  Natasha (thrice) (D:4)
  11 gnolls
  6 adders
  An ufetubus (D:5)
  A worm (D:2)
  2 dart slugs (D:2)
  2 endoplasms (D:2)
  3 goblins
  A jackal (D:2)
  A ball python (D:4)
  5 kobolds
48 creatures vanquished.

Vanquished Creatures (others)
  74 foxfires
74 creatures vanquished.

Grand Total: 122 creatures vanquished

Notes
Turn   | Place    | Note
-------+----------+-------------------------------------------
     0 | D:1      | hawla the Meteoran Fire Elementalist began the quest for
                  | the Orb.
     0 | D:1      | Reached XP level 1. HP: 14/14 MP: 5/5
    71 | D:2      | Reached skill level 4 in Fire Magic
    71 | D:2      | Reached XP level 2. HP: 16/20 MP: 3/6
    74 | D:2      | Learned a level 2 spell: Scorch
   104 | D:2      | Reached XP level 3. HP: 21/26 MP: 4/8
   184 | D:3      | Reached XP level 4. HP: 33/33 MP: 6/9
   189 | D:3      | Learned a level 4 spell: Flame Wave
   218 | D:4      | Noticed Menkaure
   222 | D:4      | Killed Menkaure
   223 | D:4      | Reached XP level 5. HP: 38/38 MP: 5/10
   223 | D:4      | Reached XP level 6. HP: 45/45 MP: 5/11
   297 | D:4      | Reached skill level 5 in Fire Magic
   317 | D:4      | Reached skill level 5 in Conjurations
   380 | D:4      | Noticed Pargi
   386 | D:4      | Killed Pargi
   387 | D:4      | Reached XP level 7. HP: 32/51 MP: 1/14
   599 | D:4      | Noticed Natasha
   603 | D:4      | Killed Natasha
   724 | D:4      | Noticed Natasha
   728 | D:4      | Killed Natasha
   805 | D:4      | Noticed Natasha
   807 | D:4      | Killed Natasha
   910 | D:4      | Found a burning altar of Makhleb.
   910 | D:4      | Found an opulent altar of Gozag.
   910 | D:4      | Found a snail-covered altar of Cheibriados.
   910 | D:4      | Found a broken altar of Ashenzari.
   916 | D:4      | Found a stormy altar of Qazlal.
   916 | D:4      | Found a shadowy altar of Dithmenos.
   982 | D:5      | Entered Level 5 of the Dungeon
  1037 | D:5      | Reached skill level 6 in Fire Magic
  1057 | D:5      | You fall into a shaft and drop 2 floors!
  1064 | D:7      | Found an iron altar of Okawaru.
  1107 | D:7      | Reached skill level 1 in Fighting
  1107 | D:7      | Reached skill level 5 in Spellcasting
  1119 | D:7      | Reached XP level 8. HP: 28/58 MP: 5/16
  1165 | D:7      | Noticed Pikel
  1169 | D:7      | Reached skill level 1 in Maces & Flails
  1175 | D:7      | Gained mutation: Your spells are a little easier to cast,
                  | but a little less powerful. [potion of mutation]
  1175 | D:7      | HP: 2/60 [Pikel/+1 whip of flaming (4)]
  1176 | D:7      | Slain by a lemure

Illustrated notes

Levels and vault maps discovered:
D:1:      co_arrival_two_rings, layout_basic, serial_bayou,
          serial_bayou_lagoon_a, serial_bayou_lagoon_b, serial_bayou_ford_a,
          serial_bayou_lake_a
D:2:      minmay_skewed_foursquare, layout_loops_ring,
          shapermc_ecumenical_altar_mp_ritualfount, minmay_misc_feat_five,
          minmay_liquid_box
D:3:      layout_basic, grunt_ministairs_3, minmay_fountain_box, uniq_sigmund
D:4:      layout_loops_ring, minmay_overflow_temple_hex, uniq_natasha,
          uniq_pargi, uniq_menkaure
D:5:      layout_rooms, zin_angel, minmay_temple_entry_offerings
D:7:      layout_basic, okawaru_metal_pillars_1_2, uniq_pikel

Skill      XL: |  1  2  3  4  5  6  7  8 |
---------------+-------------------------+-----
Fire Magic     | 4 5 6 |  6.7
Spellcasting   | 3 4 5 |  5.7
Conjurations   | 4 5 |  5.8
Dodging        | 3 |  3.7
Fighting       | 1 |  1.7
Evocations     | 3 |  3.0
Maces & Flails | 1 |  1.8
Stealth        | |  1.4

Action                   |  1- 3 |  4- 6 |  7- 9 || total
-------------------------+-------+-------+-------++-------
Melee: Unarmed           |     5 |       |    15 ||    20
       Dire flail        |       |       |     3 ||     3
 Cast: Foxfire           |    22 |     5 |    18 ||    45
       Scorch            |     4 |    10 |     7 ||    21
       Flame Wave        |       |     2 |     6 ||     8
  Use: Potion            |     1 |       |     3 ||     4
       Scroll            |       |       |     2 ||     2
Armor: Robe              |       |     1 |     3 ||     4
       Skin              |       |       |    28 ||    28
Dodge: Dodged            |     5 |    15 |    21 ||    41
